cohdb
Replays
Latest Replays
All Replays
Popular Replays
Top Player Replays
Match Explorer
How It Works
Community
CoH3 Stats
Reddit
Sign in to upload your games and track your stats! →
Sign in with Steam
Match 43628572
Unlisted
Match 43628572
Overview
Messages
Build Orders
End
Engineer Squad
Construct Weapon Support Center
Selects Armored Battlegroup
Selects Assault Engineers
M1919 Machine Gun Team
M1919 Machine Gun Team
Bazooka Squad
Assault Engineer Squad
Infantry Support Center
Bazooka Squad
Construct Medical Station
M3 Armored Personnel Carrier
Selects Strength in Steel
M1919 Machine Gun Team
Construct Tank Depot
Improved M9 Bazooka Rockets
Assault Engineer Squad
Selects M8 Scott SPG
Selects UNKNOWN (2160077)
M4A3E8 Sherman Easy Eight
Selects M31 Recovery Vehicle
Selects War Machine
M4A3E8 Sherman Easy Eight
Assault Engineer Squad
woof_raff
大财没烦恼
Arkanor
[B2B] Totino the Pizza Boy
0
0
Comments
sign in to comment!
No comments posted yet!